 Dungeon Crawl Stone Soup version 0.29.1-2-gbd0b4ee654 (webtiles) character file.

Game seed: 4710388041689352063

8 GorkyZ the Trooper (level 2, -1/24 HPs)
             Began as a Demonspawn Fighter on Nov 20, 2022.
             Killed from afar by a dart slug (3 damage)
             ... with a slug dart
             ... on level 1 of the Dungeon.
             The game lasted 00:00:55 (88 turns).

GorkyZ the Trooper (Demonspawn Fighter)               Turns: 88, Time: 00:00:56

Health: -1/24      AC:  6    Str: 16    XL:     2   Next: 0%
Magic:  2/2        EV:  8    Int:  9    God:
Gold:   9          SH:  4    Dex: 12    Spells: 1/1 levels left

rFire   . . .      SeeInvis .   a - +0 trident
rCold   . . .      Faith    .   c - +0 buckler
rNeg    . . .      Spirit   .   b - +0 scale mail
rPois   .          Reflect  .   (no helmet)
rElec   .          Harm     .   (no cloak)
rCorr   .          Rampage  .   (no gloves)
Will    .....                   (no boots)
Stlth   ..........              (no amulet)
HPRegen 0.08/turn               (no ring)
MPRegen 0.08/turn               (no ring)

@: no status effects
A: powered by death 1
a: no special abilities


You were on level 1 of the Dungeon.
You visited 1 branch of the dungeon, and saw 1 of its levels.

You collected 9 gold pieces.

Inventory:

Hand Weapons
 a - a +0 trident (weapon)
Armour
 b - a +0 scale mail (worn)
 c - a +0 buckler (worn)
Potions
 d - a potion of might
 e - a potion of magic {unknown}


   Skills:
 + Level 3.1 Fighting
 - Level 1.7 Polearms
 + Level 0.5 Throwing
 + Level 2.8 Armour
 - Level 2.6 Shields
 + Level 0.5 Evocations


You had one spell level left.
You didn't know any spells.
Your spell library was empty.

Dungeon Overview and Level Annotations

Branches:
Dungeon (1/15)

Altars:


Innate Abilities, Weirdness & Mutations

You regenerate a little health from kills.


Message History

The frilled lizard barely misses you.
The frilled lizard attacks as you move away!
You block the frilled lizard's attack.
The rat twitches its whiskers.
The frilled lizard attacks as you move away!
The frilled lizard bites you.
* * * LOW HITPOINT WARNING * * *
You block the frilled lizard's attack.
A hobgoblin comes into view.
The hobgoblin shouts!
The hobgoblin throws a javelin.
The javelin closely misses you. You block the frilled lizard's attack.
You block the hobgoblin's attack.
A quokka comes into view.
You hit the hobgoblin.
The hobgoblin is lightly wounded.
You block the frilled lizard's attack.
The hobgoblin hits you but does no damage.
You hit the hobgoblin.
The hobgoblin is moderately wounded.
The frilled lizard bites you but does no damage.
The hobgoblin hits you.
* * * LOW HITPOINT WARNING * * *
The hobgoblin barely misses you. The frilled lizard barely misses you.
The frilled lizard attacks as you move away!
You block the frilled lizard's attack.
The quokka bites you but does no damage.
The hobgoblin hits you but does no damage.
Found 22 gold pieces.
A quokka comes into view.
A kobold comes into view. It is wielding a +0 dagger.
Found a book of Weapons and a coppery potion.
Found a glowing golden altar of the Shining One.
The kobold shouts!
You hear a shout!
You hear an angry hiss.
A dart slug comes into view.
A goblin comes into view. It is wielding a +0 dagger.
A rat comes into view.
The kobold barely misses you. The dart slug launches a dart at you.
The slug dart hits you.
You die...

.. .# w# g #.#
###. ..# ##!..
##.. ##
.....$#..#..#
#.._.$#...#
#..:r.K@# #.#.
##...##r# #.#. .#.
#..# ####.#.
.....#g###
.......## #..l..#
......... #####.#
........########S#
..........(g.r...#
...###'###....|.#


You could see a dart slug, a quokka, a hobgoblin, a kobold, a frilled lizard and
a rat.

Vanquished Creatures
  A dart slug (D:1)
  A hobgoblin (D:1)
  3 jackals (D:1)
5 creatures vanquished.

Notes
Turn   | Place    | Note
-------+----------+-------------------------------------------
     0 | D:1      | GorkyZ the Demonspawn Fighter began the quest for the Orb.
     0 | D:1      | Reached XP level 1. HP: 18/18 MP: 1/1
    41 | D:1      | Gained mutation: You regenerate a little health from kills.
                  | [demonic ancestry]
    41 | D:1      | Reached XP level 2. HP: 2/24 MP: 2/2
    84 | D:1      | HP: 1/24 [hobgoblin (3)]
    88 | D:1      | Killed from afar by a dart slug

Illustrated notes

Levels and vault maps discovered:
D:1:      heliophobic_arrival_ceremonial_halls, layout_basic,
          hellmonk_ecumenical_altar_crossroads, minmay_hexomino_r4

Action                   || total
-------------------------++-------
Melee: Trident           ||    20
Armor: Scale mail        ||    17
Dodge: Dodged            ||    17
Block: Buckler           ||    15
